 Dungeon Crawl Stone Soup version 0.31-a0-183-g4352c244c2 (webtiles) character file.

Game seed: 8154119557709310952

32 Morbidden the Stinger (level 3, 24/24 HPs)
             Began as a Demonspawn Venom Mage on June 22, 2023.
             Quit the game on level 2 of the Dungeon.
             The game lasted 00:01:32 (1759 turns).

Morbidden the Stinger (Demonspawn Venom Mage)       Turns: 1759, Time: 00:01:33

Health: 24/24      AC:  4    Str:  8    XL:     3   Next: 8%
Magic:  6/6        EV: 12    Int: 18    God:
Gold:   113        SH:  0    Dex: 13    Spells: 3/6 levels left

rFire   . .          .
                       - Unarmed
rCold   . . .        (no shield)
rNeg    . . .        a - +0 robe
rPois   .            (helmet restricted)
rElec   .            (no cloak)
rCorr   .            h - +1 pair of gloves
SInv    .            (no boots)
Will    .....        (no amulet)
Stlth   ++           (no ring)
HPRegen 0.24/turn    (no ring)
MPRegen 0.10/turn

%: no passive effects
@: no status effects
A: antennae 1, hooves 1
a: no special abilities


You were on level 2 of the Dungeon.
You visited 1 branch of the dungeon, and saw 2 of its levels.

You collected 113 gold pieces.

Inventory:

Missiles
 f - 6 javelins (quivered)
Armour
 a - a +0 robe (worn)
 h - a +1 pair of gloves (worn)
Scrolls
 d - 3 scrolls of identify {unknown}
 g - 2 scrolls of torment {unknown}
 i - a scroll of enchant armour {unknown}
 m - a scroll of brand weapon {unknown}
 n - a scroll of fear {unknown}
Potions
 b - a potion of magic
 c - a potion of haste {unknown}
 e - 2 potions of heal wounds {unknown}
 j - 2 potions of curing {unknown}
 k - a potion of lignification {unknown}
 l - a potion of mutation {unknown}


   Skills:
 * Level 0.1 Fighting
 * Level 0.4 Armour
 * Level 1.9 Dodging
 + Level 1.8 Stealth
 * Level 1.0 Unarmed Combat
 * Level 2.3 Spellcasting
 * Level 1.2 Transmutations
 * Level 0.4 Air Magic
 * Level 3.1 Poison Magic


You had 3 spell levels left.
You knew the following spells:

 Your Spells              Type           Power      Damage    Failure   Level
a - Sting                 Tmut/Pois      36%        1d4       7%          1
b - Poisonous Vapours     Pois/Air       16%        N/A       13%         2

Your spell library contained the following spells:

 Spells                   Type           Power      Damage    Failure   Level
 Passwall                 Tmut/Erth      3%         N/A       21%         2
 Ensorcelled Hibernation  Hex/Ice        4%         N/A       26%         2
 Ignite Poison            Fire/Tmut/Pois 7%         N/A       28%         3
 Mephitic Cloud           Conj/Pois/Air  6%         N/A       32%         3
 Swiftness                Air            3%         N/A       41%         3
 Olgreb's Toxic Radiance  Pois           13%        N/A       43%         4
 Sticky Flame             Conj/Fire      2%         2d3       86%         4
 Ignition                 Fire           1%         3d3       100%        8


Dungeon Overview and Level Annotations

Branches:
Dungeon (2/15)

Altars:
Ru

Shops:
D:1 :

Annotations:
D:1 2 transporters


Innate Abilities, Weirdness & Mutations

You have a pair of small antennae on your head.
You have large cloven feet.


Message History

You can't see any susceptible monsters within range! (Use Z to cast anyway.) No target in view!
d - 3 scrolls labelled LINKAHENUGH (gained 1)
Found 3 stones.
Casting: Sting (safe; 7% risk of failure)
Confirm with . or Enter, or press ? or * to list all spells.
You can't see any susceptible monsters within range! (Use Z to cast anyway.)
Found a stone staircase leading down.
No target in view!
Unknown command.
Casting: Sting (safe; 7% risk of failure)
Confirm with . or Enter, or press ? or * to list all spells.
You can't see any susceptible monsters within range! (Use Z to cast anyway.)
You see here 3 stones.
You open the door.
There is an open door here.
There is an open door here.
You open the door.
There is an open door here.
You now have 113 gold pieces (gained 13).
Key pressed, stopping explore.
No target in view!
Casting: Sting (safe; 7% risk of failure)
Confirm with . or Enter, or press ? or * to list all spells.
You can't see any susceptible monsters within range! (Use Z to cast anyway.)
Found a faded altar of an unknown god.
Casting: Sting (safe; 7% risk of failure)
Confirm with . or Enter, or press ? or * to list all spells.
You can't see any susceptible monsters within range! (Use Z to cast anyway.)
You pick up an Everburning Encyclopedia and begin reading...
You add the spells Ignite Poison, Sticky Flame and Ignition to your library.
Casting: Sting (safe; 7% risk of failure)
Confirm with . or Enter, or press ? or * to list all spells.
You can't see any susceptible monsters within range! (Use Z to cast anyway.)
You sense a monster nearby.
Unknown command.
Casting: Sting (safe; 7% risk of failure)
Confirm with . or Enter, or press ? or * to list all spells.
You can't see any susceptible monsters within range! (Use Z to cast anyway.) Are you sure you want to abandon this character and quit the game? (Confirm with "yes".)

##.#............#
#.............
...#########.##.#
#............. .###
#.##.#
#8........8..8 .#
#.#####
.............. .#
#.....##............
.#
######.##.∩..∩.._..∩
.## ##....#.#
..###### #.....#.#
........l.....{#@#
##.....####....#.#
........ ......#..
######## #..#######
... #.


There were no monsters in sight!

Vanquished Creatures
  2 worms (D:2)
  3 bats
  2 endoplasms
  A goblin (D:1)
  4 hobgoblins
  4 kobolds (D:1)
  6 ball pythons
  2 rats
24 creatures vanquished.

Notes
Turn   | Place    | Note
-------+----------+-------------------------------------------
     0 | D:1      | Morbidden the Demonspawn Venom Mage began the quest for the
                  | Orb.
     0 | D:1      | Reached XP level 1. HP: 13/13 MP: 3/3
   303 | D:1      | Discovered your monstrous ancestry.
   303 | D:1      | Gained mutation: You have large cloven feet. [demonic
                  | ancestry]
   303 | D:1      | Reached XP level 2. HP: 19/19 MP: 3/5
   395 | D:1      | Found a transporter.
   397 | D:1      | Found Jezeit's Book Shoppe.
   553 | D:1      | Learned a level 2 spell: Poisonous Vapours
   563 | D:1      | Reached skill level 1 in Unarmed Combat
   819 | D:1      | Reached skill level 1 in Transmutations
   896 | D:1      | Found a transporter.
  1304 | D:2      | Gained mutation: You have a pair of small antennae on your
                  | head. [demonic ancestry]
  1304 | D:2      | Reached XP level 3. HP: 23/24 MP: 2/6
  1665 | D:2      | Found a sacrificial altar of Ru.
  1734 | D:2      | Found a faded altar of an unknown god.
  1759 | D:2      | Quit the game

Illustrated notes

Levels and vault maps discovered:
D:1:      lemuel_arrival_muddy, layout_basic, serial_shops,
          nicolae_shop_drivethru, minmay_pentomino_z2
D:2:      layout_basic, hellmonk_ecumenical_altar_arch_garden, basic_altar,
          serial_co_window_serial, co_window_paths_a, co_window_paths_b,
          co_window_of_opportunity_a, co_window_cross_1, co_window_paths_a,
          co_window_corner_a, co_window_corner_a, co_window_paths_b,
          co_window_paths_a, co_window_corner_b, co_window_of_opportunity_c,
          co_window_corner_cb, glass_columns_a, glass_columns_a,
          glass_columns_b, glass_columns_a

Skill      XL: |  1  2 |
---------------+-------+-----
Unarmed Combat | 1 |  1.0
Transmutations | 1 |  1.2
Fighting       | |  0.1
Armour         | |  0.4
Dodging        | |  1.9
Stealth        | |  1.8
Spellcasting   | |  2.3
Air Magic      | |  0.4
Poison Magic   | |  3.1

Action                     || total
---------------------------++-------
  Melee: Unarmed           ||    27
         Punch             ||     1
         Kick              ||     4
  Throw: Javelin           ||     1
   Cast: Sting             ||    42
         Poisonous Vapours ||     2
 Armour: Robe              ||    12
  Dodge: Dodged            ||    31

Table legend: (Time is in decaauts)
 A = Elapsed time spent in this place.
 B = Non-inter-level travel time spent in this place.
 C = Inter-level travel time spent in this place.
 D = Time resting spent in this place.
 E = Time spent auto-exploring this place.
 F = Levels seen in this place.
 G = Mean time per level.
                   A        B        C        D        E       F      G
               +--------+--------+--------+--------+--------+-----+--------+
         Total |   1759 |   1743 |     16 |      0 |   1520 |   2 |  879.5 |
       Dungeon |   1759 |   1743 |     16 |      0 |   1520 |   2 |  879.5 |
               +--------+--------+--------+--------+--------+-----+--------+

Top non-repeatable levels by time:
     D:1: 917 daAuts
     D:2: 842 daAuts
